 Dungeon Sprint DCSS version bcrawl-1.21 (webtiles) character file.

Game seed: 16038258460821747833

22558 Freyura the Warrior (level 13, -5/136 HPs)
             Began as a Hill Orc Fighter on Feb 15, 2020.
             Was the Champion of Beogh.
             Slain by a ghost moth (15 damage)
             ... in the Dungeon (Sprint IX: "|||||||||||||||||||||||||||||").
             The game lasted 00:25:13 (3010 turns).

Freyura the Warrior (Hill Orc Fighter)              Turns: 3010, Time: 00:25:13

Health: -5/136     AC:  2    Str: 19 (23) XL:     13   Next: 1%
Magic:  1/26       EV: 16    Int:  6 (8)  God:    Beogh [******]
Gold:   1621       SH: 24    Dex: 19 (22) Spells: 12/12 levels left

rFire    . . .     SeeInvis .   a - +4 scimitar (flame)
rCold    . . .     Gourm    .   L - +1 large shield
rNeg     . . .     Faith    .   M - +0 swamp dragon scales
rPois    +         Spirit   .   p - +2 helmet
rElec    .         Reflect  .   H - +1 cloak
rCorr    .         Harm     .   q - +2 pair of gloves
MR       .....     NoTele   +   y - +2 pair of boots
Stlth    ++........             (no amulet)
HPRegen  0.32/turn              s - +3 ring of strength
MPRegen  0.20/turn              t - +3 ring of dexterity

@: agile, corroded
A: walk on water
a: Smiting, Recall Orcish Followers, Give Item to Named Follower, Resurrection,
Renounce Religion


You were in the Dungeon.
You worshipped Beogh.
Beogh was exalted by your worship.
You were hungry.

You visited 1 branch You collected 1621 gold pieces.

Inventory:

Hand Weapons
 a - a +4 scimitar of flaming (weapon)
 o - the +8 whip "Snakebite" {curare, rPois}
   (You found it in the Dungeon)

   It poisons the flesh of those it strikes.
   It protects you from poison.
 E - the +8 battleaxe "Spiderbane" {vamp, rPois rC- Str+2}
   (You found it in the Dungeon)

   It inflicts no extra harm, but heals its wielder when it wounds a living foe.
   It affects your strength (+2).
   It makes you vulnerable to cold.
   It protects you from poison.
 F - the +9 morningstar of Summer {crush, Fragile Str+6 Dex+2 Stlth+}
   (You found it in the Dungeon)

   It inflicts extra damage upon your enemies.
   It affects your strength (+6).
   It affects your dexterity (+2).
   It will be destroyed if unequipped.
   It makes you more stealthy.
 G - the cursed +0 double sword "Qiympato" {antimagic, rN+ Str+2 Int+8}
   (You found it in the Dungeon)

   It reduces the magical energy of the wielder, and disrupts the spells and
   magical abilities of those hit.
   Natural abilities and divine invocations are not affected.
   It affects your strength (+2).
   It affects your intelligence (+8).
   It protects you from negative energy.
   It has a curse placed upon it.
Missiles
 v - 2 throwing nets (quivered) {!f}
Armour
 c - a +0 shield
 p - a +2 helmet (worn)
 q - a +2 pair of gloves (worn)
 r - a +1 scale mail
 y - a +2 pair of boots (worn)
 z - a +0 cloak
 H - a +1 cloak (worn)
 L - a +1 large shield (worn)
 M - +0 swamp dragon scales (worn)
Jewellery
 s - a +3 ring of strength (left hand)
 t - a +3 ring of dexterity (right hand)
 u - the amulet "Puiwe" {+Rage Int+3}
   (You found it in the Dungeon)

   [amulet of rage]

   It affects your intelligence (+3).
   It lets you go berserk.
 x - a +2 ring of evasion
 A - an uncursed ring of protection from fire
 B - an uncursed ring of protection from magic
 C - an uncursed ring of protection from fire
 D - an uncursed ring of protection from fire
Wands
 n - a wand of iceblast (8)
Scrolls
 k - 4 scrolls of blinking
 l - 6 scrolls of remove curse
 m - 2 scrolls of amnesia
 J - a scroll of fog
 K - a scroll of identify
Potions
 b - 2 potions of brilliance
 d - 2 potions of might
 f - 5 potions of curing
 g - 2 potions of heal wounds
 h - a potion of haste
 i - 4 potions of magic
 j - 2 potions of invisibility
Comestibles
 e - 10 rations {!d}


   Skills:
 * Level 18.6 Fighting
   Level 18.6 Short Blades
   Level 18.6 Long Blades
   Level 18.6 Axes
   Level 18.6 Maces & Flails
   Level 18.6 Polearms
   Level 18.6 Staves
 + Level 17.2 Armour
 + Level 4.6 Dodging
 + Level 7.2 Shields
   Level 18.6 Unarmed Combat
 + Level 18.5 Invocations
 + Level 5.6 Evocations


You had 12 spell levels left.
You didn't know any spells.
Your spell library was empty.

Dungeon Overview and Level Annotations

Branches:
Dungeon (1/1)

Altars:
Cheibriados
Dithmenos
Elyvilon
Fedhas
Gozag
Hepliaklqana
Kikubaaqudgha
Lugonu
Makhleb
Nemelex Xobeh
Okawaru
Qazlal
Ru
Sif Muna
Trog
Uskayaw
Vehumet
Wu Jian
Xom
Yredelemnul
Zin
The Shining One
Beogh
Jiyva

Shops:
D *!*}


Message History

* * * LOW HITPOINT WARNING * * *
Something stings you but does no damage.
You hit something but do no damage.
Your orc wizard casts a spell.
Your orc wizard blinks!
You block something's attack. Something hits you.
* * * LOW HITPOINT WARNING * * *
Something stings you.
* * * LOW HITPOINT WARNING * * *
Your orc wizard casts a spell.
Your orc wizard blinks!
You feel much better. Something hits you!
* * * LOW HITPOINT WARNING * * *
Something hits you!
* * * LOW HITPOINT WARNING * * *
You feel clumsy. Something stings you.
* * * LOW HITPOINT WARNING * * *
You miss something. Something hits you!
You die...

ooooooooo)....).'.............▓
▓▓▓▓▓▓▓▓▓▓▓▓▓▓▓▓▓▓▓▓▓▓▓▓▓▓▓▓▓▓▓
..ooo.o.oo[...)........o.oo.o.▓
▓▓▓▓▓▓▓▓▓▓▓▓▓▓▓▓▓▓▓▓▓▓▓▓▓▓▓▓▓.▓
oooooo.))...))o.o...'o.o......▓
▓▓▓▓▓▓▓▓▓▓▓▓▓▓▓▓▓▓▓▓▓▓▓▓▓▓▓▓▓▓▓


ooooooooooooooooooooooooo.o.o.▓ ♣♣♣♣♣▓▓▓▓▓▓▓▓▓▓▓▓▓▓▓▓▓▓▓▓▓▓▓▓o▓
....asss{@oooooooooooo.▓ ▓▓▓▓▓▓▓▓▓▓▓▓▓▓▓▓▓▓▓▓▓▓▓▓ You could see an entropy
weaver, a demonic crawler, a wolf spider, a tarantella, a friendly orc knight, a
friendly orc priest, 2 friendly orc wizards and 3 friendly orcs.

Vanquished Creatures
  Gastronok (D)
  A very ugly thing (D)
  An entropy weaver (D)
  Snorg (D)
  An ettin (D)
  Erolcha (D)
  5 hydras (D)
  Harold (D)
  A rakshasa (D)
  2 centaur warriors (D)
  2 orc high priests (D)
  3 orc knights (D)
  3 ugly things (D)
  2 orc sorcerers (D)
  An elephant (D)
  A black mamba (D)
  2 cane toads (D)
  A yaktaur (D)
  A slime creature (D)
  4 hippogriffs (D)
  A shapeshifter (D)
  A redback (D)
  A yak (D)
  Eustachio (D)
  A shadow (D)
  Grum (D)
  A warg (D)
  A porcupine (D)
  A water moccasin (D)
  2 acid dragons (D)
  3 crocodiles (D)
  3 hell hounds (D)
  An ice beast (D)
  A phantom (D)
  7 wolves (D)
  An ogre (D)
  A centaur (D)
  2 bullfrogs (D)
  2 killer bees (D)
  A crimson imp (D)
  A quasit (D)
  2 orc priests (D)
  A shadow imp (D)
  A dart slug (D)
  4 orcs (D)
  A ball python (D)
  A bat zombie (D)
  A goblin (D)
  A hobgoblin (D)
  A kobold (D)
  A quokka skeleton (D)
83 creatures vanquished.

Vanquished Creatures (collateral kills)
  An ice dragon (D)
  2 jumping spiders (D)
  An orc warrior (D)
  2 orc wizards (D)
  2 orcs (D)
8 creatures vanquished.

Vanquished Creatures (others)
  3 orc knights (D)
  An orc sorcerer (D)
  An orc wizard (D)
  A vampire (D)
  2 orc warriors (D)
  4 orcs (D)
12 creatures vanquished.

Grand Total: 103 creatures vanquished

Notes
Turn   | Place    | Note
-------+----------+-------------------------------------------
     0 | D        | Freyura the Hill Orc Fighter began the quest for the Orb.
     0 | D        | Reached XP level 1. HP: 20/20 MP: 1/1
    19 | D        | Reached XP level 2. HP: 24/28 MP: 2/2
    49 | D        | Noticed a crimson imp
    49 | D        | Noticed an ice beast
    58 | D        | Killed an ice beast
    58 | D        | Reached XP level 3. HP: 39/39 MP: 3/3
    58 | D        | Reached XP level 4. HP: 47/47 MP: 4/4
    83 | D        | Reached XP level 5. HP: 24/53 MP: 5/5
   239 | D        | Found a roughly hewn altar of Beogh.
   239 | D        | Found a snail-covered altar of Cheibriados.
   239 | D        | Found a shadowy altar of Dithmenos.
   239 | D        | Found a white marble altar of Elyvilon.
   239 | D        | Found a blossoming altar of Fedhas.
   239 | D        | Found an opulent altar of Gozag.
   240 | D        | Found a hazy altar of Hepliaklqana.
   241 | D        | Found a viscous altar of Jiyva.
   242 | D        | Became a worshipper of Beogh the Brigand
   243 | D        | Found an ancient bone altar of Kikubaaqudgha.
   244 | D        | Found a corrupted altar of Lugonu.
   245 | D        | Found a burning altar of Makhleb.
   246 | D        | Found a sparkling altar of Nemelex Xobeh.
   247 | D        | Found an iron altar of Okawaru.
   248 | D        | Found a stormy altar of Qazlal.
   249 | D        | Found a sacrificial altar of Ru.
   250 | D        | Found a shimmering blue altar of Sif Muna.
   251 | D        | Found a bloodstained altar of Trog.
   252 | D        | Found a hide-covered altar of Uskayaw.
   253 | D        | Found a radiant altar of Vehumet.
   254 | D        | Found an ornate altar of the Wu Jian Council.
   255 | D        | Found a shimmering altar of Xom.
   256 | D        | Found a basalt altar of Yredelemnul.
   257 | D        | Found a glowing silver altar of Zin.
   258 | D        | Found a glowing golden altar of the Shining One.
   275 | D        | Found the +8 whip "Snakebite" {curare, rPois}
   322 | D        | Noticed an ogre
   322 | D        | Noticed a phantom
   322 | D        | Noticed a bullfrog
   334 | D        | Reached * piety under Beogh
   336 | D        | Killed a bullfrog
   336 | D        | Reached XP level 6. HP: 54/63 MP: 5/9
   341 | D        | Reached ** piety under Beogh
   358 | D        | Killed a phantom
   358 | D        | Reached skill level 10 in Fighting
   358 | D        | Reached XP level 7. HP: 59/72 MP: 7/12
   406 | D        | Noticed a centaur warrior
   406 | D        | Noticed a vampire
   418 | D        | Killed a vampire
   424 | D        | Killed a centaur warrior
   424 | D        | Reached skill level 10 in Armour
   424 | D        | Reached XP level 8. HP: 33/83 MP: 12/15
   427 | D        | Reached *** piety under Beogh
   427 | D        | Reached skill level 10 in Invocations
   760 | D        | Got the amulet "Puiwe" {+Rage Int+3}
   779 | D        | Noticed a hippogriff
   779 | D        | Noticed a hippogriff
   779 | D        | Noticed a seven-headed hydra
   779 | D        | Noticed a four-headed hydra
   784 | D        | Noticed a black mamba
   786 | D        | Killed a one-headed hydra
   786 | D        | Reached XP level 9. HP: 79/93 MP: 15/17
   792 | D        | Noticed a cane toad
   794 | D        | Killed a one-headed hydra
   794 | D        | Reached **** piety under Beogh
   800 | D        | Noticed a cane toad
   807 | D        | Reached XP level 10. HP: 31/103 MP: 17/19
   817 | D        | Killed a black mamba
   817 | D        | Reached ***** piety under Beogh
   825 | D        | Killed a cane toad
   829 | D        | Killed a cane toad
  1178 | D        | Noticed an eight-headed hydra
  1178 | D        | Noticed an elephant
  1180 | D        | Noticed a five-headed hydra
  1194 | D        | Killed an elephant
  1194 | D        | Reached skill level 15 in Fighting
  1199 | D        | Killed a four-headed hydra
  1206 | D        | Killed a one-headed hydra
  1206 | D        | Reached XP level 11. HP: 29/113 MP: 20/22
  1210 | D        | Reached ****** piety under Beogh
  1210 | D        | Reached skill level 15 in Invocations
  1596 | D        | Noticed Erolcha
  1607 | D        | Killed Erolcha
  1648 | D        | Noticed Harold
  1661 | D        | Killed Harold
  1661 | D        | Reached skill level 15 in Armour
  1718 | D        | Noticed an orc high priest
  1807 | D        | Noticed an orc knight
  1821 | D        | Killed an orc knight
  1872 | D        | Found Vifafud's Gadget Boutique.
  1872 | D        | Noticed an orc knight
  1872 | D        | Noticed an orc sorcerer
  1874 | D        | Noticed an orc high priest
  1882 | D        | Paralysed by an orc sorcerer for 3 turns
  1884 | D        | Killed an orc sorcerer
  1889 | D        | Killed an orc knight
  1891 | D        | Found Oschifipn's Assorted Antiques.
  1902 | D        | Found Vyxadiw's Distillery.
  1904 | D        | Noticed an orc knight
  1905 | D        | Found Nilyroun's Assorted Antiques.
  1907 | D        | Noticed an orc sorcerer
  1928 | D        | Noticed an orc sorcerer
  2113 | D        | Noticed Grum
  2125 | D        | Killed Grum
  2147 | D        | Noticed Gastronok
  2160 | D        | Killed Gastronok
  2160 | D        | Reached XP level 12. HP: 65/126 MP: 24/24
  2339 | D        | Noticed Eustachio
  2347 | D        | Killed Eustachio
  2389 | D        | Got the +8 battleaxe "Spiderbane" {vamp, rPois rC- Str+2}
  2391 | D        | Got the +9 morningstar of Summer {crush, Fragile Str+6
                  | Dex+2 Stlth+}
  2393 | D        | Got the cursed +0 double sword "Qiympato" {antimagic, rN+
                  | Str+2 Int+8}
  2487 | D        | Noticed a centaur warrior
  2493 | D        | Gained Rocco as an ally
  2498 | D        | Noticed an eight-headed hydra
  2510 | D        | Killed a centaur warrior
  2510 | D        | Reached skill level 1 in Dodging
  2510 | D        | Reached skill level 1 in Evocations
  2511 | D        | Noticed a rakshasa
  2518 | D        | Killed an eight-headed hydra
  2525 | D        | Noticed a red very ugly thing
  2537 | D        | Killed a rakshasa
  2537 | D        | Reached skill level 5 in Shields
  2539 | D        | Noticed an ice dragon
  2548 | D        | Noticed an ettin
  2549 | D        | Killed a brown very ugly thing
  2576 | D        | Your ally Rocco died
  2584 | D        | Killed an ice dragon
  2593 | D        | Killed an ettin
  2867 | D        | Noticed Snorg
  2881 | D        | Killed Snorg
  2881 | D        | Reached skill level 5 in Evocations
  2955 | D        | Noticed an entropy weaver
  2961 | D        | Noticed an entropy weaver
  2969 | D        | Killed an entropy weaver
  2969 | D        | Reached XP level 13. HP: 125/136 MP: 0/26
  3006 | D        | HP: 1/136 [something (11)]
  3010 | D        | Slain by a ghost moth

Skill      XL: |  1  2  3  4  5  6  7  8  9 10 11 12 |
---------------+-------------------------------------+-----
Armour         | 4 6 7 8 9 10 12 13 14 16 17 | 17.2
Fighting       | 7 8 9 10 11 13 14 15 17 18 | 18.6
Invocations    | 4 6 9 11 13 14 17 18 | 18.5
Dodging        | 4 |  4.6
Shields        | 7 |  7.2
Evocations     | 5 |  5.6
Short Blades   | | 18.6
Long Blades    | | 18.6
Axes           | | 18.6
Maces & Flails | | 18.6
Polearms       | | 18.6
Staves         | | 18.6
Unarmed Combat | | 18.6

Action                   |  1- 3 |  4- 6 |  7- 9 | 10-12 | 13-15 || total
-------------------------+-------+-------+-------+-------+-------++-------
Melee: Long sword        |    23 |    20 |       |       |       ||    43
       Whip              |       |    29 |    30 |   255 |    16 ||   330
       Scimitar          |       |       |    28 |    54 |     5 ||    87
Evoke: Wand              |       |       |       |     1 |     1 ||     2
  Use: Potion            |     1 |       |     1 |     4 |     6 ||    12
       Scroll            |       |       |     6 |     2 |       ||     8
 Stab: Distracted        |       |       |       |     1 |       ||     1
  Eat: Chunk             |       |       |       |     3 |       ||     3
       Ration            |       |       |       |     1 |       ||     1
Armor: Scale mail        |     3 |    21 |    30 |    50 |       ||   104
       Swamp dragon scal |       |       |       |    34 |    18 ||    52
Dodge: Dodged            |     4 |     9 |    11 |    30 |     3 ||    57
Block: Shield            |     8 |    27 |    27 |    47 |       ||   109
       Large shield      |       |       |       |    61 |    12 ||    73
